General information
- name: BNet
- type: Ladder team game (AT/RT)
- host: Battle.net
- saver: pizzafan1739
map: Dragonblight
- players: 6
- length: 37:22
- speed: Fast
- version: 1.27 W3XP
- replay type:

» download(221 KB)
Players
team 1 (winner)
iggy_the_fisk (
green | 113 APM | 4235 actions | 37:22)
5 Mountain King
3 Storm Bolt
2 Bash
5 Paladin
3 Holy Light
2 Divine Shield
3 Blood Mage
2 Banish
1 Siphon Mana
» actions
| Assign group hotkey | 483 | |
| Basic commands | 82 | |
| Build / train | 126 | |
| Enter build submenu | 77 | |
| Enter hero's abilities submenu | 13 | |
| Give item / drop item | 5 | |
| Right click | 1670 | |
| Select / deselect | 405 | |
| Select group hotkey | 1164 | |
| Use ability | 210 | |
4235 total
» units
» upgrades
| Masonry | 3 | |
| Lumber Harvesting | 2 | |
| Sorceress Training | 2 | |
| Priest Training | 2 | |
| Cloud | 1 | |
| Swords | 3 | |
| Armor | 3 | |
| Animal War Training | 1 | |
| Magic Sentry | 1 | |
18 total
» buildings
| Altar of Kings | 1 | |
| Farm | 5 | |
| Scout Tower | 58 | |
| Lumber Mill | 1 | |
| Arcane Tower | 13 | |
| Guard Tower | 34 | |
| Keep | 1 | |
| Arcane Vault | 3 | |
| Castle | 3 | |
| Town Hall | 1 | |
| Arcane Sanctum | 1 | |
| Gryphon Aviary | 1 | |
| Barracks | 1 | |
| Blacksmith | 1 | |
124 total
» build order
00:04 Altar of Kings
00:20 Farm
00:37 Scout Tower
00:39 Scout Tower
00:51 Lumber Mill
00:57 Farm
01:09 Scout Tower
01:10 Arcane Tower
01:51 Scout Tower
02:02 Arcane Tower
02:08 Scout Tower
02:11 Scout Tower
02:13 Guard Tower
02:15 Scout Tower
02:29 Guard Tower
02:32 Scout Tower
02:47 Scout Tower
02:49 Guard Tower
03:01 Farm
03:09 Arcane Tower
03:09 Arcane Tower
03:28 Guard Tower
03:30 Scout Tower
03:34 Guard Tower
03:35 Scout Tower
03:42 Guard Tower
03:44 Scout Tower
03:44 Scout Tower
03:54 Scout Tower
04:09 Guard Tower
04:10 Scout Tower
05:01 Keep
05:02 Arcane Tower
05:14 Guard Tower
05:15 Guard Tower
05:16 Scout Tower
05:18 Scout Tower
05:20 Guard Tower
05:21 Scout Tower
05:22 Scout Tower
05:23 Scout Tower
05:30 Arcane Vault
05:31 Arcane Vault
05:33 Arcane Vault
05:41 Farm
05:45 Guard Tower
05:50 Guard Tower
05:52 Scout Tower
05:55 Scout Tower
06:02 Arcane Tower
06:07 Scout Tower
06:08 Scout Tower
06:48 Guard Tower
06:50 Scout Tower
06:55 Scout Tower
06:59 Guard Tower
07:03 Scout Tower
07:04 Scout Tower
07:07 Guard Tower
07:08 Scout Tower
07:27 Guard Tower
07:40 Guard Tower
08:21 Castle
08:21 Castle
09:16 Guard Tower
09:43 Scout Tower
09:44 Scout Tower
10:07 Town Hall
10:11 Arcane Sanctum
10:38 Guard Tower
10:39 Scout Tower
10:40 Scout Tower
11:06 Farm
11:29 Arcane Tower
12:04 Scout Tower
14:07 Guard Tower
14:09 Scout Tower
14:28 Scout Tower
14:31 Scout Tower
14:37 Arcane Tower
15:02 Guard Tower
15:05 Scout Tower
15:29 Guard Tower
15:34 Scout Tower
15:37 Scout Tower
16:12 Guard Tower
16:13 Scout Tower
16:19 Scout Tower
16:20 Scout Tower
16:32 Guard Tower
16:34 Scout Tower
18:41 Guard Tower
18:45 Scout Tower
18:47 Scout Tower
18:48 Scout Tower
19:00 Guard Tower
19:02 Scout Tower
19:09 Gryphon Aviary
19:10 Barracks
19:13 Blacksmith
19:15 Guard Tower
19:17 Scout Tower
20:11 Guard Tower
20:13 Scout Tower
20:17 Scout Tower
21:22 Guard Tower
21:30 Arcane Tower
23:10 Scout Tower
23:11 Scout Tower
24:26 Arcane Tower
24:26 Guard Tower
24:31 Scout Tower
24:32 Scout Tower
25:28 Arcane Tower
25:29 Guard Tower
25:32 Scout Tower
25:33 Scout Tower
27:40 Guard Tower
27:41 Scout Tower
28:11 Guard Tower
28:13 Arcane Tower
» items
| Boots of Speed | 3 | |
| Staff of Teleportation | 3 | |
| Healing Salve | 1 | |
| Orb of Lightning | 3 | |
| Staff of Sanctuary | 3 | |
| Potion of Invisibility | 1 | |
| Periapt of Vitality | 2 | |
| Circlet of Nobility | 2 | |
18 total
pizzafan1739 (
teal | 96 APM | 3595 actions | 37:22)
6 Blademaster
2 Wind Walk
3 Critical Strike
1 Bladestorm
» actions
| Assign group hotkey | 8 | |
| Basic commands | 6 | |
| Build / train | 60 | |
| Enter build submenu | 27 | |
| Enter hero's abilities submenu | 7 | |
| Give item / drop item | 2 | |
| Remove unit from queue | 1 | |
| Right click | 2571 | |
| Select / deselect | 307 | |
| Select group hotkey | 391 | |
| Use ability | 213 | |
3595 total
» units
» upgrades
| Liquid Fire | 1 | |
| Ranged Weapons | 3 | |
| Armor | 3 | |
| Reinforced Defenses | 1 | |
8 total
» buildings
| Altar of Storms | 1 | |
| Orc Burrow | 4 | |
| War Mill | 1 | |
| Voodoo Lounge | 2 | |
| Watch Tower | 40 | |
| Stronghold | 1 | |
| Beastiary | 2 | |
| Fortress | 1 | |
| Great Hall | 1 | |
53 total
» build order
00:07 Altar of Storms
00:19 Orc Burrow
00:36 War Mill
01:31 Voodoo Lounge
01:54 Watch Tower
02:31 Watch Tower
02:49 Stronghold
03:02 Voodoo Lounge
03:32 Orc Burrow
04:43 Watch Tower
04:43 Watch Tower
04:44 Watch Tower
04:45 Watch Tower
04:46 Watch Tower
05:04 Watch Tower
05:26 Beastiary
05:27 Fortress
05:30 Beastiary
06:11 Watch Tower
06:12 Watch Tower
06:12 Watch Tower
08:38 Orc Burrow
08:39 Orc Burrow
09:46 Watch Tower
09:46 Watch Tower
09:47 Watch Tower
09:47 Watch Tower
16:15 Watch Tower
16:16 Watch Tower
16:16 Watch Tower
16:17 Watch Tower
20:05 Watch Tower
20:05 Watch Tower
20:05 Watch Tower
20:06 Watch Tower
20:06 Watch Tower
20:07 Watch Tower
20:07 Watch Tower
20:08 Watch Tower
23:30 Great Hall
23:36 Watch Tower
27:23 Watch Tower
27:23 Watch Tower
27:25 Watch Tower
27:25 Watch Tower
27:26 Watch Tower
27:27 Watch Tower
27:27 Watch Tower
27:28 Watch Tower
27:28 Watch Tower
27:29 Watch Tower
29:40 Watch Tower
29:40 Watch Tower
» items
| Healing Salve | 3 | |
| Lesser Clarity Potion | 5 | |
| Orb of Lightning | 1 | |
| Boots of Speed | 1 | |
| Staff of Teleportation | 2 | |
| Mechanical Critter | 2 | |
| Staff of Sanctuary | 1 | |
| Potion of Lesser Invulnerability | 1 | |
16 total
stonelike (
orange | 94 APM | 3516 actions | 37:22)
6 Warden
3 Shadow Strike
3 Blink
» actions
| Assign group hotkey | 463 | |
| Basic commands | 31 | |
| Build / train | 53 | |
| Enter build submenu | 21 | |
| Enter hero's abilities submenu | 6 | |
| Give item / drop item | 2 | |
| Right click | 1622 | |
| Select / deselect | 402 | |
| Select group hotkey | 749 | |
| Use ability | 163 | |
3516 total
» units
| Wisp | 24 | |
| Blue Dragon | 6 | |
| Goblin Zeppelin | 1 | |
31 total
» upgrades
» buildings
| Altar of Elders | 1 | |
| Moon Well | 12 | |
| Tree of Ages | 1 | |
| Tree of Life | 2 | |
| Tree of Eternity | 1 | |
| Hunter's Hall | 1 | |
18 total
» build order
00:03 Altar of Elders
00:28 Moon Well
02:37 Moon Well
06:23 Tree of Ages
07:38 Moon Well
07:40 Moon Well
07:42 Moon Well
15:15 Moon Well
15:25 Tree of Life
15:29 Tree of Life
18:45 Tree of Eternity
21:28 Moon Well
21:28 Moon Well
21:28 Moon Well
21:29 Moon Well
21:30 Moon Well
21:30 Moon Well
27:40 Hunter's Hall
» items
| Boots of Speed | 1 | |
| Healing Salve | 2 | |
| Orb of Lightning | 1 | |
| Staff of Teleportation | 1 | |
| Staff of Sanctuary | 1 | |
| Scroll of Town Portal | 1 | |
7 total
team 2 (loser)
MeowMonkeyPow (
red | 44 APM | 1652 actions | 37:21)
2 Death Knight
1 Death Coil
1 Unholy Aura
» actions
| Assign group hotkey | 16 | |
| Build / train | 78 | |
| ESC pressed | 2 | |
| Enter build submenu | 34 | |
| Enter hero's abilities submenu | 2 | |
| Give item / drop item | 1 | |
| Remove unit from queue | 1 | |
| Right click | 1049 | |
| Select / deselect | 374 | |
| Select group hotkey | 37 | |
| Use ability | 58 | |
1652 total
» units
| Acolyte | 15 | |
| Ghoul | 3 | |
| Crypt Fiend | 6 | |
| Obsidian Statue | 2 | |
| Frost Revenant | 1 | |
| Blue Drake | 2 | |
| Blue Dragon Whelp | 3 | |
| Frost Wyrm | 6 | |
| Blue Dragon | 1 | |
39 total
» upgrades
| Burrow | 1 | |
| Web | 1 | |
| Creature Attack | 2 | |
| Backpack | 1 | |
| Creature Carapace | 1 | |
| Freezing Breath | 1 | |
| Destroyer Form | 1 | |
8 total
» buildings
| Altar of Darkness | 1 | |
| Ziggurat | 15 | |
| Crypt | 1 | |
| Tomb of Relics | 1 | |
| Graveyard | 2 | |
| Nerubian Tower | 5 | |
| Spirit Tower | 9 | |
| Halls of the Dead | 2 | |
| Slaughterhouse | 1 | |
| Sacrificial Pit | 1 | |
| Black Citadel | 1 | |
| Necropolis | 2 | |
| Boneyard | 2 | |
43 total
» build order
00:13 Altar of Darkness
00:17 Ziggurat
00:36 Crypt
00:59 Tomb of Relics
01:16 Graveyard
01:57 Ziggurat
02:05 Nerubian Tower
03:36 Spirit Tower
05:31 Halls of the Dead
05:32 Halls of the Dead
05:45 Ziggurat
05:51 Ziggurat
07:25 Spirit Tower
07:26 Nerubian Tower
07:31 Ziggurat
07:41 Graveyard
10:55 Slaughterhouse
11:38 Ziggurat
11:48 Ziggurat
11:50 Ziggurat
11:53 Ziggurat
13:31 Spirit Tower
13:33 Nerubian Tower
13:34 Spirit Tower
13:35 Spirit Tower
14:02 Sacrificial Pit
15:00 Black Citadel
15:37 Necropolis
17:24 Ziggurat
17:28 Ziggurat
17:31 Ziggurat
17:34 Ziggurat
18:22 Spirit Tower
18:23 Nerubian Tower
18:26 Spirit Tower
18:27 Nerubian Tower
18:30 Ziggurat
18:36 Ziggurat
20:25 Spirit Tower
20:27 Spirit Tower
21:34 Boneyard
21:38 Boneyard
35:54 Necropolis
» items
| Rod of Necromancy | 1 | |
| Potion of Healing | 2 | |
| Potion of Mana | 2 | |
| Sacrificial Skull | 1 | |
| Boots of Speed | 1 | |
| Scroll of Protection | 1 | |
| Scroll of Healing | 2 | |
10 total
quickmick (
pink | 54 APM | 2007 actions | 37:15)
4 Mountain King
2 Storm Bolt
2 Bash
1 Blood Mage
1 Banish
» actions
| Assign group hotkey | 48 | |
| Build / train | 72 | |
| Enter build submenu | 23 | |
| Enter hero's abilities submenu | 5 | |
| Give item / drop item | 6 | |
| Remove unit from queue | 1 | |
| Right click | 708 | |
| Select / deselect | 289 | |
| Select group hotkey | 767 | |
| Use ability | 88 | |
2007 total
» units
| Peasant | 13 | |
| Footman | 2 | |
| Rifleman | 4 | |
| Gryphon Rider | 14 | |
| Siege Engine | 2 | |
35 total
» upgrades
| Lumber Harvesting | 1 | |
| Swords | 3 | |
| Animal War Training | 1 | |
| Armor | 2 | |
| Storm Hammers | 1 | |
| Barrage | 1 | |
9 total
» buildings
| Altar of Kings | 1 | |
| Barracks | 1 | |
| Farm | 11 | |
| Blacksmith | 1 | |
| Keep | 1 | |
| Arcane Vault | 1 | |
| Lumber Mill | 1 | |
| Castle | 1 | |
| Scout Tower | 2 | |
| Guard Tower | 2 | |
| Gryphon Aviary | 2 | |
| Workshop | 2 | |
26 total
» build order
00:07 Altar of Kings
00:12 Barracks
00:20 Farm
00:56 Farm
02:16 Blacksmith
02:29 Farm
03:02 Keep
03:40 Arcane Vault
05:20 Lumber Mill
05:37 Castle
05:59 Scout Tower
06:01 Scout Tower
06:39 Guard Tower
06:41 Guard Tower
07:35 Gryphon Aviary
07:38 Gryphon Aviary
09:00 Farm
09:31 Farm
09:49 Farm
10:29 Farm
13:55 Farm
15:18 Farm
16:24 Farm
19:44 Workshop
20:21 Workshop
21:17 Farm
» items
| Scroll of Regeneration | 5 | |
| Lesser Clarity Potion | 3 | |
| Potion of Healing | 2 | |
| Staff of Sanctuary | 1 | |
| Scroll of Town Portal | 1 | |
| Dust of Appearance | 2 | |
| Potion of Lesser Invulnerability | 1 | |
| Staff of Teleportation | 1 | |
16 total
Swoch (
yellow | 26 APM | 956 actions | 37:19)
3 Death Knight
1 Death Coil
1 Unholy Aura
1 Death Pact
1 Dreadlord
1 Carrion Swarm
» actions
| Assign group hotkey | 18 | |
| Build / train | 80 | |
| Enter build submenu | 22 | |
| Enter hero's abilities submenu | 4 | |
| Remove unit from queue | 1 | |
| Right click | 378 | |
| Select / deselect | 148 | |
| Select group hotkey | 256 | |
| Use ability | 49 | |
956 total
» units
| Acolyte | 8 | |
| Ghoul | 5 | |
| Crypt Fiend | 11 | |
| Gargoyle | 6 | |
| Meatwagon | 4 | |
| Necromancer | 4 | |
| Abomination | 3 | |
41 total
» upgrades
| Cannibalize | 1 | |
| Unholy Strength | 2 | |
| Unholy Armor | 2 | |
| Creature Attack | 2 | |
| Creature Carapace | 2 | |
| Web | 1 | |
| Burrow | 1 | |
| Exhume Corpses | 1 | |
| Stone Form | 1 | |
| Necromancer Training | 1 | |
| Skeletal Longevity | 1 | |
| Skeletal Mastery | 1 | |
16 total
» buildings
| Altar of Darkness | 1 | |
| Ziggurat | 18 | |
| Crypt | 2 | |
| Graveyard | 2 | |
| Spirit Tower | 11 | |
| Halls of the Dead | 1 | |
| Temple of the Damned | 1 | |
| Slaughterhouse | 1 | |
| Black Citadel | 1 | |
| Sacrificial Pit | 2 | |
40 total
» build order
00:15 Altar of Darkness
00:19 Ziggurat
00:52 Crypt
01:15 Graveyard
01:34 Ziggurat
03:40 Spirit Tower
03:42 Spirit Tower
03:47 Ziggurat
03:48 Ziggurat
05:25 Spirit Tower
05:25 Spirit Tower
05:48 Ziggurat
05:49 Ziggurat
05:50 Ziggurat
05:51 Ziggurat
05:55 Ziggurat
05:56 Ziggurat
05:58 Ziggurat
07:43 Halls of the Dead
10:50 Spirit Tower
10:55 Spirit Tower
10:56 Spirit Tower
10:57 Spirit Tower
10:58 Spirit Tower
12:37 Temple of the Damned
13:12 Crypt
15:35 Slaughterhouse
17:21 Black Citadel
19:37 Graveyard
28:02 Ziggurat
28:04 Ziggurat
28:06 Ziggurat
28:08 Ziggurat
31:33 Sacrificial Pit
32:02 Ziggurat
32:03 Ziggurat
32:04 Ziggurat
32:11 Sacrificial Pit
32:39 Spirit Tower
32:41 Spirit Tower
» items
| Scroll of Healing | 1 | |
| Scroll of Town Portal | 1 | |
| Potion of Lesser Invulnerability | 1 | |
3 total
Chat log
(04:14 / All) pizzafan1739: Noob
(04:25 / All) MeowMonkeyPow: your mom?
(26:09 / All) MeowMonkeyPow: TOWER NOOB ACTION INCOMING!
(26:15 / All) pizzafan1739: what?
(29:24 / All) iggy_the_fisk: noskil
(29:48 / All) MeowMonkeyPow: yes no skill but we have a RL and a job
(29:53 / All) pizzafan1739: ah that explains it
(31:30 / All) iggy_the_fisk: muahaha
(31:47 / All) MeowMonkeyPow: your mom called your y need to go home hahahah
(31:53 / All) pizzafan1739: what
(32:10 / All) iggy_the_fisk: where do you think we are
(32:11 / All) MeowMonkeyPow: nothing eat more pizza and get fat
(32:14 / All) iggy_the_fisk: the warcraft 3 playground???
(32:23 / All) MeowMonkeyPow: noobs in RL and HEROS IN WC3
(32:32 / All) pizzafan1739: lol
(32:44 / All) pizzafan1739: if RL is so important to you why aren't you playing it now??
(32:48 / All) iggy_the_fisk: where do you live
(32:55 / All) iggy_the_fisk: i just put up my curtains you can come over for dinner
(36:30 / All) MeowMonkeyPow: muahahahaha
(37:20 / All) pizzafan1739: haha